 Dungeon Crawl Stone Soup version 0.18.1-48-g4cf74bf (webtiles) character file.

2251 terrence the Basher (level 9, -12/51 HPs)
             Began as a Gargoyle Fighter on July 6, 2016.
             Was a Believer of Zin.
             Mangled by an orc warrior
             ... wielding a +0 battleaxe
              (15 damage)
             ... on level 7 of the Dungeon.
             The game lasted 00:19:05 (6866 turns).

terrence the Basher (Gargoyle Fighter)              Turns: 6866, Time: 00:19:06

Health: -12/51     AC: 17    Str: 22 (23) XL:     9   Next: 37%
Magic:  13/13      EV:  5    Int:  8 (9)  God:    Zin [**....]
Gold:   284        SH:  9    Dex: 11      Spells: 0 memorised, 8 levels left

rFire  . . .     SeeInvis .     a - +0 flail
rCold  . . .     Gourm    .     t - +0 chain mail
rNeg   + . .     Faith    .     c - +0 shield
rPois  ∞         Spirit   .     n - +1 helmet
rElec  +         Dismiss  .     (no cloak)
rCorr  .         Reflect  .     (no gloves)
SustAt .         Harm     .     (no boots)
MR     .....                    (no amulet)
Stlth  ..........               (no ring)
                                (no ring)

@: not resistant to hostile enchantments, extremely unstealthy
A: agile 1, deterioration 1, negative energy resistance 1, electricity
resistance, unbreathing, petrification resistance, rot immunity, subdued magic
1, AC +5
a: Recite, Vitalisation, Donate Gold, Renounce Religion


You were on level 7 of the Dungeon.
You worshipped Zin.
Zin was pleased with you.
You were not hungry.

You visited 1 branch of the dungeon, and saw 7 of its levels.

You collected 405 gold pieces.
You spent 90 gold pieces at shops.
You donated 31 gold pieces to Zin.

Inventory:

Hand Weapons
 a - a +0 flail (weapon)
Armour
 c - a +0 shield (worn)
 n - a +1 helmet (worn)
 t - a +0 chain mail (worn)
Wands
 j - a wand of paralysis (10/24)
Scrolls
 b - a scroll of summoning {unknown}
 e - 11 scrolls of identify
 k - a scroll of fog
 l - a scroll of fear
 p - 7 scrolls of remove curse
 r - a scroll of magic mapping
Potions
 d - a potion of might
 g - a potion of curing
 m - a potion of resistance
 s - a potion of invisibility
Comestibles
 i - 4 meat rations
 q - 7 fruits


   Skills:
 - Level 3.2 Fighting
 + Level 10.0 Maces & Flails
 + Level 5.7 Armour
 - Level 3.2 Shields
 * Level 6.1 Invocations


You had 8 spell levels left.
You didn't know any spells.

Dungeon Overview and Level Annotations

Branches:
Dungeon (7/15)             Temple (0/1) D:7

Altars:
Dithmenos
Elyvilon
Gozag
Kikubaaqudgha
Makhleb
Qazlal
Sif Muna
Xom
Zin
The Shining One

Shops:
D:5 [   D:7 *


Innate Abilities, Weirdness & Mutations

You are resistant to torment.
Your stone body is resilient (AC +5).
You are immune to poison.
You resist negative energy.
You are resistant to electric shocks.
You can survive without breathing.
You are immune to petrification.
You are immune to rotting.
You are agile. (Dex +2)
Your body sometimes deteriorates upon taking damage.
Your spells are a little easier to cast, but a little less powerful.


Message History

The orc warrior is heavily wounded.
You hit the orc warrior.
The orc warrior is severely wounded.
You hit the orc warrior but do no damage.
The orc warrior is severely wounded.
The orc warrior hits you with a battleaxe!!
* * * LOW HITPOINT WARNING * * *
Your body deteriorates!
You feel weakened.
You are too injured to fight recklessly!
You are too injured to fight recklessly!
You are too injured to fight recklessly!
You are too injured to fight recklessly!
You are too injured to fight recklessly!
Unknown command.
You hit the orc warrior but do no damage.
The orc warrior is severely wounded.
You hit the orc warrior.
The orc warrior is almost dead.
The orc warrior hits you with a battleaxe!
You die...

...............# #.#
#......^..
...............#
#.###.......<.
...............#
#.............
...............#
#.............
#............#
#.......######
#..8.8.8.....#
#.#######
#..)).⌠......# #.#
#..8.∩.8....######.#
#...⌠.⌠.##....@o.<.#
##.8.8.8############
#...#### #####


You could see an orc warrior (confused).

Vanquished Creatures
  A hungry ghost (D:5)
  Duvessa (D:5)
  2 phantoms
  An ice beast (D:5)
  An orc warrior (D:7)
  3 black bears
  A centaur (D:6)
  A big kobold (D:5)
  A giant frog (D:7)
  A wyvern zombie (D:7)
  Dowan (D:5)
  A scorpion (D:5)
  2 howler monkeys
  3 crimson imps
  A quasit (D:6)
  2 hounds (D:4)
  An orc priest (D:4)
  A centaur skeleton (D:4)
  A gnoll shaman (D:4)
  A giant frog skeleton (D:5)
  4 orc wizards
  6 worker ants
  4 iguanas
  A killer bee zombie (D:6)
  6 gnolls
  10 adders
  2 worms
  A dart slug (D:1)
  A giant gecko (D:4)
  15 orcs
  A ball python (D:1)
  5 giant cockroaches
  5 goblins
  5 hobgoblins
  6 jackals
  16 kobolds
  A quokka (D:5)
  A ball python skeleton (D:4)
  5 bats
  A giant gecko skeleton (D:5)
  A quokka skeleton (D:5)
  16 rats
140 creatures vanquished.

Vanquished Creatures (others)
  A quokka (D:6)
1 creature vanquished.

Grand Total: 141 creatures vanquished

Notes
Turn   | Place    | Note
--------------------------------------------------------------
     0 | D:1      | terrence the Gargoyle Fighter began the quest for the Orb.
     0 | D:1      | Reached XP level 1. HP: 14/14 MP: 1/1
    75 | D:1      | Reached XP level 2. HP: 13/19 MP: 2/2
   306 | D:1      | Reached skill level 3 in Maces & Flails
   651 | D:2      | Reached XP level 3. HP: 18/23 MP: 3/3
   658 | D:2      | Gained mutation: Your body sometimes deteriorates upon taking damage. [potion of mutation]
   658 | D:2      | Gained mutation: Your spells are a little easier to cast, but a little less powerful. [potion of mutation]
   658 | D:2      | Gained mutation: You are agile. (Dex +2) [potion of mutation]
   947 | D:2      | Reached skill level 4 in Maces & Flails
  1392 | D:2      | Reached XP level 4. HP: 23/28 MP: 4/4
  1937 | D:3      | Found a shimmering altar of Xom.
  1949 | D:3      | Found a stormy altar of Qazlal.
  1949 | D:3      | Found an opulent altar of Gozag.
  1949 | D:3      | Found a shadowy altar of Dithmenos.
  1949 | D:3      | Found a glowing golden altar of the Shining One.
  1950 | D:3      | Found an ancient bone altar of Kikubaaqudgha.
  1951 | D:3      | Found a deep blue altar of Sif Muna.
  1954 | D:3      | Found a burning altar of Makhleb.
  1971 | D:3      | Became a worshipper of the Shining One
  2659 | D:4      | Reached skill level 5 in Maces & Flails
  2659 | D:4      | Reached XP level 5. HP: 27/32 MP: 5/5
  2864 | D:4      | Reached skill level 6 in Maces & Flails
  2864 | D:4      | Reached XP level 6. HP: 10/37 MP: 6/6
  3223 | D:4      | HP: 1/37 [iguana (7)]
  3665 | D:4      | Reached skill level 7 in Maces & Flails
  3698 | D:4      | Reached XP level 7. HP: 29/41 MP: 7/7
  4093 | D:5      | Entered Level 5 of the Dungeon
  4122 | D:5      | Reached skill level 8 in Maces & Flails
  4148 | D:5      | Reached * piety under the Shining One
  4237 | D:5      | Found Arrecwa's Armour Emporium.
  4405 | D:5      | Reached skill level 9 in Maces & Flails
  4405 | D:5      | Reached XP level 8. HP: 46/46 MP: 8/8
  4721 | D:5      | Reached skill level 1 in Invocations
  4904 | D:6      | Found a white marble altar of Elyvilon.
  4924 | D:6      | Found Zin's Purification Station.
  4924 | D:6      | Found a glowing silver altar of Zin.
  4938 | D:6      | Bought a potion of curing for 90 gold pieces
  4941 | D:6      | Fell from the grace of the Shining One
  4941 | D:6      | Became a worshipper of Zin the Law-Giver
  4941 | D:6      | Reached * piety under Zin
  4962 | D:6      | Noticed Duvessa
  4969 | D:6      | Noticed Dowan
  5515 | D:5      | Killed Duvessa
  5523 | D:5      | Killed Dowan
  5782 | D:6      | Reached ** piety under Zin
  5938 | D:6      | Reached skill level 5 in Armour
  5938 | D:6      | Reached XP level 9. HP: 35/51 MP: 12/12
  6448 | D:7      | Reached skill level 5 in Invocations
  6490 | D:7      | Found a staircase to the Ecumenical Temple.
  6718 | D:7      | Reached skill level 10 in Maces & Flails
  6783 | D:7      | Found Wopyrr's Assorted Antiques.
  6866 | D:7      | Mangled by an orc warrior

Skill      XL: |  1  2  3  4  5  6  7  8  9 |
---------------+----------------------------+-----
Maces & Flails | 3 4 5 6 7 9 10 | 10.0
Invocations    | 4 6 |  6.1
Armour         | 5 |  5.7
Fighting       | |  3.2
Shields        | |  3.2

Action                   |  1- 3 |  4- 6 |  7- 9 || total
-------------------------+-------+-------+-------++-------
Melee: Flail             |   148 |   193 |   418 ||   759
Invok: Recite            |       |       |     8 ||     8
  Use: Scroll            |     7 |     3 |     4 ||    14
       Potion            |     1 |     4 |     4 ||     9
 Stab: Confused          |       |       |     1 ||     1
  Eat: Chunk             |     2 |     3 |     3 ||     8
       Pizza             |       |     1 |     1 ||     2
       Royal jelly       |       |     1 |       ||     1
       Beef jerky        |       |       |     3 ||     3
       Bread ration      |       |       |     2 ||     2
       Fruit             |       |       |     1 ||     1
Armor: Scale mail        |   114 |   104 |   177 ||   395
       Chain mail        |       |       |    82 ||    82
Dodge: Dodged            |    71 |    49 |   123 ||   243
Block: Shield            |   102 |    73 |   180 ||   355
